 Dungeon Crawl Stone Soup version 0.30.0-29-ga12c61a403 (webtiles) character file.

Game seed: 13835297224285278819

3306 belegose the Charlatan (level 9, -6/80 HPs)
             Began as an Armataur Artificer on June 20, 2023.
             Mangled by an orc knight
             ... wielding a +0 war axe
              (20 damage)
             ... in a bailey.
             The game lasted 00:29:29 (7935 turns).

belegose the Charlatan (Armataur Artificer)         Turns: 7935, Time: 00:29:30

Health: -6/80      AC:  9    Str: 21    XL:     9   Next: 70%
Magic:  9/9        EV:  8    Int: 12    God:
Gold:   162        SH:  0    Dex: 11    Spells: 8/8 levels left

rFire   . . .        a - +2 spear (venom)
rCold   . . .        (no shield)
rNeg    + . .        v - +0 scale mail
rPois   +            (no helmet)
rElec   .            (no cloak)
rCorr   .            x - +0 pair of gloves
SInv    .            (no barding)
Will    .....        w - amulet of regeneration Stlth
                     q - ring of poison resistance
HPRegen 1.13/turn    i - ring of positive energy
MPRegen 0.11/turn

%: roll
@: no status effects
A: large, rugged brown scales 3, deformed body, armoured tail, roll, long
tongue, awkward tongue
a: no special abilities


You were in a bailey.
You visited 1 branch of the dungeon, and saw 9 of its levels.
You also visited: Sewer and Bailey.

You collected 305 gold pieces.
You spent 143 gold pieces at shops.

Inventory:

Hand Weapons
 a - a +2 spear of venom (weapon)
 b - a +0 sling
 B - the +5 woodcutter's axe
   (You found it on level 5 of the Dungeon)
 C - a +0 war axe
 N - a +5 mace of freezing
Missiles
 h - 64 stones
 s - 12 poisoned darts (quivered)
 A - 6 boomerangs
 F - 5 javelins
 L - a throwing net
Armour
 v - a +0 scale mail (worn)
 x - a +0 pair of gloves (worn)
 z - a +0 chain mail
Jewellery
 i - a ring of positive energy (right hand)
 o - a ring of see invisible
 q - a ring of poison resistance (left hand)
 u - a ring of fire
 w - an amulet of regeneration (around neck)
Wands
 c - a wand of flame (17)
 d - a wand of charming (9)
 e - a wand of iceblast (3)
Scrolls
 k - 2 scrolls of enchant weapon {unknown}
 l - a scroll of blinking {unknown}
 n - 2 scrolls of amnesia {unknown}
 r - a scroll of noise {unknown}
 y - 2 scrolls of fear {unknown}
 E - a scroll of enchant armour {unknown}
 G - a scroll of brand weapon {unknown}
 I - a scroll of fog {unknown}
 J - 4 scrolls of teleportation
 K - a scroll of poison
 M - a scroll of magic mapping {unknown}
Potions
 f - a potion of cancellation
 g - 8 potions of curing
 j - 2 potions of heal wounds
 m - 2 potions of attraction
 p - 2 potions of might
 t - a potion of berserk rage {unknown}
 D - a potion of mutation {unknown}
 H - a potion of brilliance


   Skills:
 + Level 6.0 Fighting
 - Level 3.0 Polearms
 + Level 5.4 Throwing
 + Level 7.1 Armour
 - Level 3.0 Dodging
 - Level 1.1 Stealth
 + Level 7.3 Evocations


You had 8 spell levels left.
You didn't know any spells.
Your spell library contained the following spells:

 Spells                   Type           Power      Damage    Failure   Level
 Freeze                   Ice            0%         1d3       63%         1
 Kiss of Death            Conj/Necr      0%         2d5       63%         1
 Confusing Touch          Hex            0%         N/A       94%         3
 Frozen Ramparts          Ice            0%         1d1       94%         3
 Hailstorm                Conj/Ice       0%         3d3       94%         3
 Dispel Undead            Necr           0%         3d6       100%        4


Dungeon Overview and Level Annotations

Branches:
Dungeon (9/15)              Sewer (visited)          Bailey (1/1)
 Temple: D:4-7         Lair: D:8-11         Orc: D:9-12

Altars:
Hepliaklqana
Nemelex Xobeh
Qazlal
Trog

Shops:
D:1 (   D:6 ?   D:9 :

Annotations:
D:5 2 transporters, jurchenman's ghost, novice DEFE
D:6 2 transporters, ppsocheesy's ghost, novice TrBe
D:8 2 transporters, monsoonserge's ghost, novice KoBr


Innate Abilities, Weirdness & Mutations

You are completely covered in rugged brown scales. (AC +3, +7% HP)
Armour fits poorly on your strangely shaped body.
You have a long armoured tail.
You roll when moving toward enemies. (Rampage)
Your long tongue fully drains potion bottles. (2x potion effects)
Your tongue gives you trouble enunciating. (1.5x scroll delay)


Message History

There is an open door here.
The orc knight attacks as you move away!
The orc knight barely misses you.
The orc knight looks more healthy.
You hit the orc knight but do no damage.
The orc knight is poisoned.
The orc knight is moderately wounded.
The orc knight hits you with a +0 war axe.
There is an open door, spattered with blood here.
Items here: ))) [[[ †.
The orc knight attacks as you move away!
The orc knight hits you but does no damage.
The orc knight attacks as you move away!
The orc knight hits you with a +0 war axe!
You closely miss the orc knight.
Your tail-slap misses the orc knight.
The orc knight is moderately wounded.
The orc knight hits you with a +0 war axe!
Items here: )) [[ ††.
The orc knight attacks as you move away!
The orc knight misses you.
An orc warrior comes into view. It is wielding a +0 war axe.
Things that are here:
a +0 war axe; a +0 plate armour
Aiming: Charm
Press: ? - help, Shift-Dir - straight line, f - orc warrior, p - orc knight
Aim: an orc warrior, wielding a +0 war axe and wearing a +0 plate armour (wandering, hasn't noticed you, chance to affect: 66%)
The orc warrior shouts!
The orc warrior struggles to resist.
The orc knight completely misses you.
Aiming: Charm
Press: ? - help, Shift-Dir - straight line, f/p - orc warrior
Aim: an orc warrior, wielding a +0 war axe and wearing a +0 plate armour (chance to affect: 66%)
The orc warrior is charmed.
The orc knight hits you with a +0 war axe!!
* * * LOW HITPOINT WARNING * * *
The orc knight attacks as you move away!
The orc knight hits you with a +0 war axe!
* * * LOW HITPOINT WARNING * * *
The orc knight attacks as you move away!
The orc knight hits you with a +0 war axe!!
You die...

#..⌠.))..).......
#.....'..).......
#.....#.~≈≈≈≈....
#####''#.~≈≈≈≈.... ~
#...o..#.~≈≈≈≈.### ~.
#......#.~≈≈≈≈≈#
#.##############...######≈≈≈≈≈#
#....#.....).8.8.8.# o.#≈≈≈≈≈#
#....'.....#..)o@..# ...#≈≈≈≈≈#
#+#..###############..# #≈≈≈≈≈#
#..'......(....)('(.# #≈≈≈≈≈#
####~~~~~~~~~~~~~#### #≈≈≈≈≈#
≈≈≈≈≈≈≈≈≈≈≈≈≈≈≈≈≈≈≈≈≈
≈≈≈≈≈≈≈≈≈≈≈≈≈≈≈≈≈≈≈≈≈≈≈
≈≈≈≈≈≈≈≈≈≈≈≈≈≈≈≈≈≈≈≈≈≈≈≈≈
≈≈≈≈≈≈≈≈≈≈≈≈≈≈≈≈≈≈≈≈≈≈≈≈≈
≈≈≈≈≈≈≈≈≈≈≈≈≈≈≈≈≈≈≈≈≈≈≈≈≈


You could see an orc knight (poisoned) and a friendly orc warrior (charmed).

Vanquished Creatures
  4 yaks (D:7)
  A wyvern (D:9)
  2 orc warriors (Bailey)
  A black bear (D:4)
  2 ogres (D:5)
  5 phantoms
  A kobold brigand (D:9)
  A gnoll sergeant (D:9)
  3 scorpions
  3 wights (D:8)
  3 killer bees (D:8)
  2 electric eels (Bailey)
  4 hounds
  A jelly (D:5)
  2 orc priests
  A gnoll bouda (D:7)
  3 sleepcaps
  3 iguanas
  8 orc wizards
  16 gnolls
  11 adders
  4 river rats (Sewer)
  An ufetubus (D:6)
  2 worms
  2 dart slugs
  29 orcs
  8 endoplasms
  4 giant cockroaches
  11 hobgoblins
  3 jackals (D:3)
  12 kobolds
  2 quokkas
  15 ball pythons
  5 bats
  5 frilled lizards
  9 goblins
  11 rats
200 creatures vanquished.

Vanquished Creatures (collateral kills)
  A wight (D:8)
  An iguana (D:5)
2 creatures vanquished.

Vanquished Creatures (others)
  An orc warrior (Bailey)
  A wight (D:8)
  A gnoll (D:5)
  A shadow imp (D:5)
4 creatures vanquished.

Grand Total: 206 creatures vanquished

Notes
Turn   | Place    | Note
-------+----------+-------------------------------------------
     0 | D:1      | belegose the Armataur Artificer began the quest for the
                  | Orb.
     0 | D:1      | Reached XP level 1. HP: 16/16 MP: 1/1
    20 | D:1      | Found a faded altar of an unknown god.
   102 | D:1      | Found Bicedes's Antique Weapon Shoppe.
   140 | D:1      | Reached skill level 1 in Fighting
   332 | D:1      | Reached XP level 2. HP: 15/24 MP: 2/2
  1456 | D:2      | Reached XP level 3. HP: 17/31 MP: 3/3
  2720 | D:2      | Reached XP level 4. HP: 20/38 MP: 4/4
  3597 | D:3      | Reached XP level 5. HP: 38/44 MP: 5/5
  3878 | D:4      | Noticed a black bear
  4055 | D:4      | Noticed a sky beast
  4073 | D:4      | Killed a black bear
  4074 | D:4      | Reached skill level 1 in Throwing
  4099 | D:4      | Reached XP level 6. HP: 46/54 MP: 6/6
  4451 | D:4      | Found a sparkling altar of Nemelex Xobeh.
  4783 | D:5      | Entered Level 5 of the Dungeon
  4853 | D:4      | Reached skill level 5 in Armour
  5013 | D:5      | Reached XP level 7. HP: 60/60 MP: 7/7
  5031 | D:5      | Reached skill level 5 in Evocations
  5156 | D:5      | Identified the +8 dire flail "Appa" {heavy, rElec MP+9
                  | Int+2}
  5160 | D:5      | Noticed jurchenman's ghost (novice DEFE)
  5161 | D:5      | Found a transporter.
  5166 | D:5      | Found a transporter.
  5348 | D:5      | Found a stormy altar of Qazlal.
  5465 | D:5      | Reached XP level 8. HP: 70/70 MP: 8/8
  5567 | D:5      | Reached skill level 1 in Dodging
  5618 | D:5      | Reached skill level 1 in Polearms
  5684 | D:5      | Found the +5 woodcutter's axe
  5864 | D:6      | Found a bloodstained altar of Trog.
  5916 | D:6      | Found a transporter.
  5917 | D:6      | Noticed ppsocheesy's ghost (novice TrBe)
  6049 | D:6      | Found a glowing drain.
  6062 | Sewer    | Entered a sewer
  6510 | D:6      | Found a transporter.
  6625 | D:6      | Found Dokoti's Magic Scroll Boutique.
  6630 | D:6      | Bought a scroll of teleportation for 39 gold pieces
  6630 | D:6      | Bought a scroll of identify for 26 gold pieces
  6637 | D:6      | Bought a scroll of identify for 26 gold pieces
  6637 | D:6      | Bought a scroll of poison for 52 gold pieces
  6784 | D:6      | You fall into a shaft and drop 3 floors!
  6953 | D:9      | Reached skill level 5 in Fighting
  7144 | D:9      | Found Nekogaog's Book Shoppe.
  7172 | D:8      | Reached XP level 9. HP: 79/79 MP: 9/9
  7280 | D:8      | Found a transporter.
  7280 | D:8      | Noticed a queen bee
  7284 | D:8      | Found a transporter.
  7284 | D:8      | Noticed monsoonserge's ghost (novice KoBr)
  7375 | D:8      | Found a hazy altar of Hepliaklqana.
  7487 | D:7      | Reached skill level 5 in Throwing
  7620 | D:7      | Found a flagged portal.
  7677 | Bailey   | Entered a bailey
  7896 | Bailey   | Noticed an orc knight
  7935 | Bailey   | Mangled by an orc knight

Illustrated notes

Levels and vault maps discovered:
D:1:      evilmike_arrival_grusome_pit, layout_loops_corners,
          hellmonk_ecumenical_altar_run_dry, serial_shops, shop, minmay_bisected
D:2:      layout_basic, serial_co_window_serial, co_window_paths_b,
          co_window_of_opportunity_a, co_window_paths_b,
          co_window_of_opportunity_a, co_window_corner_a, co_window_paths_c,
          co_window_corner_b, co_window_unsneaky_path_c, co_window_broadway_a,
          co_window_corner_b, co_window_unsneaky_path_e, co_window_corner_b,
          co_window_4corner_a, glass_columns_b, glass_columns_b
D:3:      layout_loops_cross
D:4:      layout_basic, mainiacjoe_overflow_small_starburst,
          lightli_corner_chamber
D:5:      layout_basic, mainiacjoe_overflow_cross_hatched, gammafunk_ghost_smash
D:6:      kennysheep_steamy, layout_cave_pools, amcnicky_altar_gilded,
          portal_sewer_entry_d, gammafunk_ghost_stat_death, serial_shops,
          nicolae_shop_rolling_square
D:7:      layout_loops_cross, minmay_temple_entry_arrows, enter_bailey_5
D:8:      layout_basic, mainiacjoe_overflow_catwalk, gammafunk_ghost_hive
D:9:      layout_loops_corners, david_orc_1_choice, serial_shops, shop,
          hellmonk_guarded_unrand_vines
Bailey:   bailey_axe_of_yendor_kennysheep, bailey

Skill      XL: |  1  2  3  4  5  6  7  8  9 |
---------------+----------------------------+-----
Fighting       | 1 2 3 4 5 6 |  6.0
Armour         | 3 4 5 6 7 |  7.1
Evocations     | 4 5 6 7 |  7.3
Throwing       | 1 2 3 4 5 |  5.4
Dodging        | 2 3 |  3.0
Polearms       | 2 3 |  3.0
Stealth        | |  1.1

Action                     |  1- 3 |  4- 6 |  7- 9 || total
---------------------------+-------+-------+-------++-------
  Melee: Club              |   178 |   237 |       ||   415
         Tailslap          |    19 |    25 |    45 ||    89
         Punch             |       |     2 |     5 ||     7
         War axe           |       |       |    82 ||    82
         Spear             |       |       |   187 ||   187
         Battleaxe         |       |       |   121 ||   121
   Fire: Sling             |       |     2 |       ||     2
  Throw: Dart              |       |     2 |    10 ||    12
  Evoke: Wand              |       |     9 |    16 ||    25
    Use: Scroll            |       |       |     6 ||     6
   Stab: Sleeping          |     1 |       |       ||     1
 Armour: Leather armour    |    32 |       |       ||    32
         Ring mail         |    64 |    56 |       ||   120
         Scale mail        |       |    72 |   145 ||   217
  Dodge: Dodged            |    90 |    78 |   129 ||   297
